| TOP OF THE 1ST |
|
Princeton Rays batting - Pitching for Texas (APP) Rangers : LHP Jose Cepero
|
|
Pitching: LHP Jose Cepero
|
|
|
Batting: SHB Berthold Frey
|
0-0: Called Strike 0-1: Ball 1-1: Ball 2-1: Called Strike 2-2: Strikes out looking
|
|
Batting: RHB Mikey Sano
|
0-0: Ball 1-0: Swinging Strike 1-1: Ball 2-1: Ground out 3-1 (Groundball, 34, EV 91.9 MPH)
|
|
Batting: LHB Oscar Curiel
|
0-0: Called Strike 0-1: Swinging Strike 0-2: Ball 1-2: Ball 2-2: Ball 3-2: Ground out U3 (Groundball, 34, EV 93.1 MPH)
|
| Top of the 1st over - 0 runs, 0 hits, 0 errors, 0 left on base; Princeton 0 - Texas (APP) 0 |
| BOTTOM OF THE 1ST |
|
Texas (APP) Rangers batting - Pitching for Princeton Rays : LHP Han Keijzer
|
|
Pitching: LHP Han Keijzer
|
|
|
Batting: SHB Tim Rogers
|
0-0: Ball 1-0: Ball 2-0: Ball 3-0: Called Strike 3-1: Base on Balls
|
|
Batting: LHB Jose Cepero
|
0-0: Bunt missed! 0-1: Bunted foul 0-2: Bunted foul, Strikeout!
|
|
Batting: RHB Luis Reyna
|
0-0: Ball 1-0: Called Strike 1-1: Ball 2-1: Ball 3-1: Base on Balls Tim Rogers to second
|
|
Batting: RHB Jerry Foster
|
0-0: Ball 1-0: Ball 2-0: Called Strike 2-1: Ball 3-1: Base on Balls Tim Rogers to third Luis Reyna to second
|
|
Batting: RHB Nick Solberg
|
0-0: Ball 1-0: Swinging Strike 1-1: SINGLE (Groundball, 4MD, EV 97.5 MPH) Tim Rogers scores Luis Reyna to third Jerry Foster to second
|
|
Batting: RHB Elias Sagrero
|
0-0: Ball 1-0: Ball 2-0: Ball 3-0: Called Strike 3-1: Base on Balls Luis Reyna scores Jerry Foster to third Nick Solberg to second
|
|
Batting: LHB Eddie Reyes
|
0-0: Ball 1-0: Called Strike 1-1: Ball 2-1: Ball 3-1: Foul Ball, location: 2F 3-2: DOUBLE (Line Drive, 78M, EV 95.6 MPH) Jerry Foster scores Nick Solberg scores Elias Sagrero to third
|
|
Batting: RHB Luis Solorzano
|
0-0: Ball 1-0: SINGLE (Line Drive, 89S, EV 109.4 MPH) Elias Sagrero scores Eddie Reyes to third Runner from 3rd tries for Home, throw by RF and OUT! 9-2
|
|
Batting: SHB Albert Ortiz
|
0-0: Ball 1-0: Ball 2-0: Ball 3-0: Base on Balls Luis Solorzano to second
|
|
Pitching: RHP Cortez Cruz
|
|
|
Batting: SHB Tim Rogers
|
0-0: Swinging Strike 0-1: Called Strike 0-2: Ground out U3 (Groundball, 3L, EV 90.6 MPH)
|
| Bottom of the 1st over - 5 runs, 3 hits, 0 errors, 2 left on base; Princeton 0 - Texas (APP) 5 |
| TOP OF THE 2ND |
|
Princeton Rays batting - Pitching for Texas (APP) Rangers : LHP Jose Cepero
|
|
Batting: SHB Luis Verduzco
|
0-0: Foul Ball, location: 2F 0-1: Ball 1-1: Ball 2-1: Foul Ball, location: 2F 2-2: Ball 3-2: Strikes out swinging
|
|
Batting: LHB Dave Northam
|
0-0: Called Strike 0-1: Foul Ball, location: 2F 0-2: SINGLE (Groundball, 56S, EV 65.0 MPH) (infield hit)
|
|
Batting: RHB Bobby Ross
|
0-0: Foul Ball, location: 2F 0-1: Foul Ball, location: 2F 0-2: Ball 1-2: Strikes out swinging
|
|
Batting: RHB Bogumil Filipowski
|
0-0: Called Strike 0-1: Ball 1-1: Foul Ball, location: 2F 1-2: Ball 2-2: Ball 3-2: Strikes out swinging
|
| Top of the 2nd over - 0 runs, 1 hit, 0 errors, 1 left on base; Princeton 0 - Texas (APP) 5 |
| BOTTOM OF THE 2ND |
|
Texas (APP) Rangers batting - Pitching for Princeton Rays : RHP Cortez Cruz
|
|
Batting: LHB Jose Cepero
|
0-0: Ball 1-0: Called Strike 1-1: Called Strike 1-2: Foul Ball, location: 2F 1-2: Ball 2-2: Strikes out swinging
|
|
Batting: RHB Luis Reyna
|
0-0: SOLO HOME RUN (Flyball, 78XD, EV 110.0 MPH), Distance : 423 ft
|
|
Batting: RHB Jerry Foster
|
0-0: Foul Ball, location: 2F 0-1: Foul Ball, location: 2F 0-2: Ball 1-2: Fly out, F9 (Flyball, 9LS, EV 85.0 MPH)
|
|
Batting: RHB Nick Solberg
|
0-0: SINGLE (Line Drive, 7S, EV 105.6 MPH)
|
|
Batting: RHB Elias Sagrero
|
0-0: Ball Nick Solberg is caught stealing 2nd base 2-4
|
| Bottom of the 2nd over - 1 run, 2 hits, 0 errors, 0 left on base; Princeton 0 - Texas (APP) 6 |
| TOP OF THE 3RD |
|
Princeton Rays batting - Pitching for Texas (APP) Rangers : LHP Jose Cepero
|
|
Batting: LHB Eduardo Lopez
|
0-0: Called Strike 0-1: Swinging Strike 0-2: Ball 1-2: Foul Ball, location: 2F 1-2: Foul Ball, location: 2F 1-2: Foul Ball, location: 2F 1-2: Strikes out swinging
|
|
Batting: RHB Dave Valdez
|
0-0: Called Strike 0-1: Foul Ball, location: 2F 0-2: Strikes out swinging
|
|
Batting: SHB Berthold Frey
|
0-0: Foul Ball, location: 2F 0-1: Ball 1-1: Ball 2-1: Called Strike 2-2: Strikes out looking
|
| Top of the 3rd over - 0 runs, 0 hits, 0 errors, 0 left on base; Princeton 0 - Texas (APP) 6 |
| BOTTOM OF THE 3RD |
|
Texas (APP) Rangers batting - Pitching for Princeton Rays : RHP Cortez Cruz
|
|
Batting: RHB Elias Sagrero
|
0-0: Called Strike 0-1: Foul Ball, location: 2F 0-2: Foul Ball, location: 2F 0-2: Foul Ball, location: 2F 0-2: Ball 1-2: Strikes out swinging
|
|
Batting: LHB Eddie Reyes
|
0-0: Called Strike 0-1: Foul Ball, location: 2F 0-2: Ball 1-2: Foul Ball, location: 2F 1-2: Foul Ball, location: 2F 1-2: Ground out 4-3 (Groundball, 4, EV 87.5 MPH)
|
|
Batting: RHB Luis Solorzano
|
0-0: Ball 1-0: Foul Ball, location: 2F 1-1: SINGLE (Line Drive, 34D, EV 100.6 MPH)
|
|
Batting: SHB Albert Ortiz
|
0-0: Ball 1-0: Ball 2-0: Foul Ball, location: 2F 2-1: SINGLE (Groundball, 6MD, EV 95.0 MPH) Luis Solorzano to second
|
|
Batting: SHB Tim Rogers
|
0-0: Ground out 4-3 (Groundball, 4S, EV 70.6 MPH)
|
| Bottom of the 3rd over - 0 runs, 2 hits, 0 errors, 2 left on base; Princeton 0 - Texas (APP) 6 |
| TOP OF THE 4TH |
|
Princeton Rays batting - Pitching for Texas (APP) Rangers : LHP Jose Cepero
|
|
Batting: RHB Mikey Sano
|
0-0: Called Strike 0-1: Swinging Strike 0-2: Foul Ball, location: 2F 0-2: Ball 1-2: Strikes out swinging
|
|
Batting: LHB Oscar Curiel
|
0-0: Ball 1-0: Ball 2-0: Ball 3-0: Ground out 6-3 (Groundball, 4M, EV 84.4 MPH)
|
|
Batting: SHB Luis Verduzco
|
0-0: Ball 1-0: DOUBLE (Flyball, 8RXD, EV 96.2 MPH)
|
|
Batting: LHB Dave Northam
|
0-0: Called Strike 0-1: Ball Passed Ball! Luis Verduzco to third 1-1: Called Strike 1-2: Ball 2-2: Ball 3-2: SINGLE (Groundball, 6D, EV 100.6 MPH) Luis Verduzco scores
|
|
Batting: RHB Bobby Ross
|
0-0: Called Strike 0-1: DOUBLE (Line Drive, 89XD, EV 88.8 MPH) Dave Northam to third
|
|
Batting: RHB Bogumil Filipowski
|
0-0: Ball 1-0: Ball 2-0: Called Strike 2-1: SINGLE (Line Drive, 78S, EV 95.0 MPH) Dave Northam scores Bobby Ross to third Runner from 3rd tries for Home, SAFE, throw by LF to home
|
|
Batting: LHB Eduardo Lopez
|
0-0: Ball 1-0: Foul Ball, location: 2F 1-1: Ball 2-1: Called Strike 2-2: Ball 3-2: Strikes out looking
|
| Top of the 4th over - 3 runs, 4 hits, 0 errors, 1 left on base; Princeton 3 - Texas (APP) 6 |
| BOTTOM OF THE 4TH |
|
Texas (APP) Rangers batting - Pitching for Princeton Rays : RHP Cortez Cruz
|
|
Batting: LHB Jose Cepero
|
0-0: Ball 1-0: Foul Ball, location: 2F 1-1: Ball 2-1: Swinging Strike 2-2: Foul Ball, location: 2F 2-2: Strikes out looking
|
|
Batting: RHB Luis Reyna
|
0-0: Foul Ball, location: 2F 0-1: Ball 1-1: Called Strike 1-2: Foul Ball, location: 2F 1-2: Strikes out swinging
|
|
Batting: RHB Jerry Foster
|
0-0: Fly out, F6 (Popup, 6, EV 71.9 MPH)
|
| Bottom of the 4th over - 0 runs, 0 hits, 0 errors, 0 left on base; Princeton 3 - Texas (APP) 6 |
| TOP OF THE 5TH |
|
Princeton Rays batting - Pitching for Texas (APP) Rangers : LHP Jose Cepero
|
|
Batting: RHB Dave Valdez
|
0-0: Called Strike 0-1: Foul Ball, location: 2F 0-2: Foul Ball, location: 2F 0-2: SOLO HOME RUN (Flyball, 7LD, EV 95.0 MPH), Distance : 349 ft
|
|
Batting: SHB Berthold Frey
|
0-0: Called Strike 0-1: Called Strike 0-2: Foul Ball, location: 2F 0-2: Strikes out swinging
|
|
Batting: RHB Mikey Sano
|
0-0: Ball 1-0: Called Strike 1-1: Foul Ball, location: 2F 1-2: Ball 2-2: Ball 3-2: Fly out, F7 (Flyball, 78D, EV 85.0 MPH)
|
|
Batting: LHB Oscar Curiel
|
0-0: Called Strike 0-1: Ball 1-1: Foul Ball, location: 2F 1-2: Ball 2-2: Ball 3-2: SINGLE (Line Drive, 8RS, EV 106.2 MPH)
|
|
Batting: SHB Luis Verduzco
|
0-0: Fly out, F8 (Flyball, 8LD, EV 95.6 MPH)
|
| Top of the 5th over - 1 run, 2 hits, 0 errors, 1 left on base; Princeton 4 - Texas (APP) 6 |
| BOTTOM OF THE 5TH |
|
Texas (APP) Rangers batting - Pitching for Princeton Rays : RHP Cortez Cruz
|
|
Batting: RHB Nick Solberg
|
0-0: Ball 1-0: Ball 2-0: SINGLE (Line Drive, 4D, EV 109.4 MPH)
|
|
Pitching: LHP John Sceviour
|
|
|
Batting: RHB Elias Sagrero
|
0-0: Ball 1-0: Called Strike Nick Solberg is caught stealing 2nd base 2-4 1-1: Swinging Strike 1-2: Foul Ball, location: 2F 1-2: Ball 2-2: Ball 3-2: Ground out 2-3 (Groundball, 15S, EV 66.9 MPH)
|
|
Batting: LHB Eddie Reyes
|
0-0: Ball 1-0: Foul Ball, location: 2F 1-1: Foul Ball, location: 2F 1-2: SINGLE (Groundball, 6M, EV 91.9 MPH) (infield hit)
|
|
Batting: RHB Luis Solorzano
|
0-0: Ball Passed Ball! Eddie Reyes to second 1-0: Intentional Walk
|
|
Batting: SHB Albert Ortiz
|
0-0: Ball 1-0: Ball 2-0: Called Strike 2-1: Ball 3-1: Base on Balls Eddie Reyes to third Luis Solorzano to second
|
|
Batting: SHB Tim Rogers
|
0-0: Foul Ball, location: 2F 0-1: Called Strike 0-2: SINGLE (Groundball, 56, EV 100.6 MPH) (infield hit) Eddie Reyes scores Luis Solorzano to third Albert Ortiz to second
|
|
Batting: LHB Jose Cepero
|
0-0: Ball 1-0: Ball 2-0: SINGLE (Groundball, 3D, EV 103.8 MPH) Luis Solorzano scores Albert Ortiz to third Tim Rogers to second
|
|
Batting: RHB Luis Reyna
|
0-0: Ball 1-0: Called Strike 1-1: Ball 2-1: Called Strike 2-2: Strikes out swinging
|
| Bottom of the 5th over - 2 runs, 4 hits, 0 errors, 3 left on base; Princeton 4 - Texas (APP) 8 |
| TOP OF THE 6TH |
|
Princeton Rays batting - Pitching for Texas (APP) Rangers : LHP Jose Cepero
|
|
Pitching: RHP Tamirat Abboud
|
|
|
Batting: LHB Dave Northam
|
0-0: Ball 1-0: Ball 2-0: Ball 3-0: Base on Balls
|
|
Batting: RHB Bobby Ross
|
0-0: Ball 1-0: Fly out, F7 (Flyball, 7D, EV 101.2 MPH)
|
|
Pinch Hitting: SHB Dan Trainer
|
0-0: Fielders Choice at 2nd, 2-4 (Groundball, 15S, EV 64.4 MPH)
|
|
Batting: LHB Eduardo Lopez
|
0-0: Called Strike Dan Trainer is caught stealing 2nd base 2-6
|
| Top of the 6th over - 0 runs, 0 hits, 0 errors, 0 left on base; Princeton 4 - Texas (APP) 8 |
| BOTTOM OF THE 6TH |
|
Texas (APP) Rangers batting - Pitching for Princeton Rays : LHP John Sceviour
|
|
Now at 3B: Dan Trainer
|
|
|
Batting: RHB Jerry Foster
|
0-0: Foul Ball, location: 2F 0-1: Called Strike 0-2: SINGLE (Groundball, P, EV 83.1 MPH) (infield hit)
|
|
Pitching: RHP J.P. Tesauro
|
|
|
Batting: RHB Nick Solberg
|
0-0: Ball 1-0: Called Strike 1-1: Foul Ball, location: 2F 1-2: Fly out, F9 (Flyball, 89M, EV 88.8 MPH)
|
|
Batting: RHB Elias Sagrero
|
0-0: Ball 1-0: Called Strike Jerry Foster is caught stealing 2nd base 2-4 1-1: TRIPLE (Flyball, 78XD, EV 92.5 MPH)
|
|
Batting: LHB Eddie Reyes
|
0-0: Called Strike 0-1: Ball 1-1: Foul Ball, location: 2F 1-2: Strikes out swinging
|
| Bottom of the 6th over - 0 runs, 2 hits, 0 errors, 1 left on base; Princeton 4 - Texas (APP) 8 |
| TOP OF THE 7TH |
|
Princeton Rays batting - Pitching for Texas (APP) Rangers : RHP Tamirat Abboud
|
|
Batting: LHB Eduardo Lopez
|
0-0: Reached on error, E4 (Groundball, 4, EV 86.2 MPH)
|
|
Batting: RHB Dave Valdez
|
0-0: Called Strike Eduardo Lopez steals 2nd base 0-1: Called Strike 0-2: Strikes out looking
|
|
Batting: SHB Berthold Frey
|
0-0: Ball 1-0: Foul Ball, location: 2F 1-1: Swinging Strike 1-2: Ball 2-2: Foul Ball, location: 2F 2-2: Ball 3-2: Foul Ball, location: 2F 3-2: Foul Ball, location: 2F 3-2: Base on Balls
|
|
Batting: RHB Mikey Sano
|
0-0: Called Strike 0-1: Called Strike 0-2: Strikes out swinging
|
|
Batting: LHB Oscar Curiel
|
0-0: Called Strike 0-1: Ball 1-1: Swinging Strike 1-2: SINGLE (Groundball, 34D, EV 110.6 MPH) Eduardo Lopez to third Berthold Frey to second Runner from 3rd tries for Home, SAFE, throw by RF to home
|
|
Batting: SHB Luis Verduzco
|
0-0: Swinging Strike 0-1: Ball 1-1: Ball 2-1: Foul Ball, location: 2F 2-2: Strikes out looking
|
| Top of the 7th over - 1 run, 1 hit, 1 error, 2 left on base; Princeton 5 - Texas (APP) 8 |
| BOTTOM OF THE 7TH |
|
Texas (APP) Rangers batting - Pitching for Princeton Rays : RHP J.P. Tesauro
|
|
Batting: RHB Luis Solorzano
|
0-0: Ball 1-0: Foul Ball, location: 2F 1-1: Swinging Strike 1-2: Ground out 4-3 (Groundball, 34, EV 101.2 MPH)
|
|
Batting: SHB Albert Ortiz
|
0-0: Foul Ball, location: 2F 0-1: Ball 1-1: Foul Ball, location: 2F 1-2: Strikes out swinging
|
|
Batting: SHB Tim Rogers
|
0-0: Called Strike 0-1: SINGLE (Line Drive, 89M, EV 96.2 MPH)
|
|
Batting: LHB Santino Pisanello
|
0-0: Foul Ball, location: 2F 0-1: Ball 1-1: Ground out U3 (Groundball, 34, EV 90.0 MPH)
|
| Bottom of the 7th over - 0 runs, 1 hit, 0 errors, 1 left on base; Princeton 5 - Texas (APP) 8 |
| TOP OF THE 8TH |
|
Princeton Rays batting - Pitching for Texas (APP) Rangers : RHP Tamirat Abboud
|
|
Batting: LHB Dave Northam
|
0-0: Fly out, F9 (Flyball, 9D, EV 105.6 MPH)
|
|
Batting: RHB Bobby Ross
|
0-0: Ball 1-0: Foul Ball, location: 2F 1-1: Foul Ball, location: 2F 1-2: Fly out, F9 (Flyball, 9, EV 87.5 MPH)
|
|
Batting: SHB Dan Trainer
|
0-0: Ball 1-0: Foul Ball, location: 2F 1-1: Ball 2-1: Foul Ball, location: 2F 2-2: Strikes out swinging
|
| Top of the 8th over - 0 runs, 0 hits, 0 errors, 0 left on base; Princeton 5 - Texas (APP) 8 |
| BOTTOM OF THE 8TH |
|
Texas (APP) Rangers batting - Pitching for Princeton Rays : RHP J.P. Tesauro
|
|
Batting: RHB Luis Reyna
|
0-0: Fly out, F9 (Flyball, 9, EV 88.8 MPH)
|
|
Batting: RHB Jerry Foster
|
0-0: Called Strike 0-1: Ball 1-1: Fly out, F4 (Line Drive, 4, EV 65.6 MPH)
|
|
Batting: RHB Nick Solberg
|
0-0: Called Strike 0-1: Ball 1-1: Swinging Strike 1-2: Foul Ball, location: 2F 1-2: Ball 2-2: Foul Ball, location: 2F 2-2: Strikes out looking
|
| Bottom of the 8th over - 0 runs, 0 hits, 0 errors, 0 left on base; Princeton 5 - Texas (APP) 8 |
| TOP OF THE 9TH |
|
Princeton Rays batting - Pitching for Texas (APP) Rangers : RHP Tamirat Abboud
|
|
Pitching: LHP Alex Boites
|
|
|
Pinch Hitting: SHB Omar Cervantes
|
0-0: Called Strike 0-1: Foul Ball, location: 2F 0-2: Foul Ball, location: 2F 0-2: Ball 1-2: Ball 2-2: Ball 3-2: Foul Ball, location: 2F 3-2: DOUBLE (Flyball, 8RXD, EV 115.6 MPH) - OUT at third base trying to stretch hit.
|
|
Batting: RHB Dave Valdez
|
0-0: Swinging Strike 0-1: Foul Ball, location: 2F 0-2: Strikes out looking
|
|
Batting: SHB Berthold Frey
|
0-0: Ball 1-0: Foul Ball, location: 2F 1-1: Swinging Strike 1-2: Foul Ball, location: 2F 1-2: Foul Ball, location: 2F 1-2: Strikes out looking
|
| Top of the 9th over - 0 runs, 1 hit, 0 errors, 0 left on base; Princeton 5 - Texas (APP) 8 |
|